 Dungeon Crawl Stone Soup version 0.18.1-48-g4cf74bf (webtiles) character file.

95 MistressOfTheDunes the Insei (level 4, -1/35 HPs)
             Began as a Mummy Monk on June 27, 2016.
             Slain by an adder (4 damage)
             ... on level 2 of the Dungeon.
             The game lasted 00:02:32 (2379 turns).

MistressOfTheDunes the Insei (Mummy Monk)           Turns: 2379, Time: 00:02:33

Health: -1/35      AC:  1    Str: 14    XL:     4   Next: 40%
Magic:  4/4        EV: 13    Int:  9    God:
Gold:   144        SH:  0    Dex: 15    Spells: 0 memorised, 3 levels left

rFire  x . .     SeeInvis .       - Unarmed
rCold  + . .     Gourm    .     (no armour)
rNeg   + + +     Faith    .     (no shield)
rPois  ∞         Spirit   .     b - +1 hat
rElec  .         Dismiss  .     (no cloak)
rCorr  .         Reflect  .     (no gloves)
SustAt .         Harm     .     (no boots)
MR     .....                    (no amulet)
Stlth  ++........               (no ring)
                                (no ring)

@: not resistant to hostile enchantments, unstealthy
A: no food or potions, fire vulnerability, cold resistance 1, negative energy
resistance 3, torment resistance, unbreathing
a: no special abilities


You were on level 2 of the Dungeon.
You were not hungry.

You visited 1 branch of the dungeon, and saw 2 of its levels.

You collected 144 gold pieces.


Innate Abilities, Weirdness & Mutations

You do not eat or drink.
Your flesh is vulnerable to fire.
You are immune to poison.
Your flesh is cold resistant.
You are immune to negative energy.
You are immune to unholy pain and torment.
You can survive without breathing.


   Skills:
 - Level 3.0 Fighting
 - Level 2.4 Dodging
 - Level 1.5 Stealth
 + Level 4.9 Unarmed Combat


You had 3 spell levels left.
You didn't know any spells.

Inventory:

Armour
 b - a +1 hat (worn)
Scrolls
 a - a scroll of fear {unknown}
 c - a scroll of fog {unknown}
 d - a scroll of recharging {unknown}
 e - a scroll of teleportation {unknown}
 f - 2 scrolls of identify {unknown}
 g - a scroll of random uselessness {unknown}
 h - a scroll of enchant armour {unknown}

Dungeon Overview and Level Annotations

Branches:
Dungeon (2/15)

Altars:
Ashenzari

▒.▒ ▒.▒
▒.......▒ ▒.▒
▒.▒ ▒▒▒▒......▒▒
▒.▒ ▒.▒
▒..........▒▒
▒.▒ ▒.▒
▒......%....▒▒▒▒
▒.▒ ▒.▒
▒..............▒
▒.▒▒▒.▒
▒▒▒▒......▒▒▒▒.▒
.÷....▒
▒▒▒.....▒▒▒▒▒.▒
......▒▒
▒.Sg..........▒
..)....▒▒▒
▒M▒▒▒▒........▒
.........▒ ▒.▒
▒..▒▒▒▒..▒
.......▒.▒ ▒.▒
▒..▒ ..▒
......▒▒.▒
▒▒.▒▒▒▒..▒▒▒▒..▒
.....▒▒▒.▒
▒........▒.....▒
..▒▒▒▒ ▒.▒
▒..▒▒▒▒▒....▒..▒
..▒ ▒.▒
▒..▒▒▒▒........▒
..▒ ▒.▒
▒..............▒
..▒ ▒.▒
▒.▒▒▒▒▒......▒.▒


You could see an adder and a goblin.


Message History

The adder is heavily wounded!
The adder barely misses you!
You barely miss the adder!
The adder is heavily wounded!
The adder barely misses you!
You completely miss the adder!
The adder is heavily wounded!
The adder bites you! * * * don't die
* * * You pulverise the adder!
The adder is severely wounded!
The adder closely misses you!
You closely miss the adder!
The adder is severely wounded!
The adder barely misses you!
You barely miss the adder!
The adder is severely wounded!
The adder bites you! * * * don't die
* * * The adder closely misses you!
You barely miss the adder!
The adder is severely wounded!
The adder closely misses you!
You pummel the adder but do no damage!
The adder is severely wounded!
The adder completely misses you!
You pummel the adder but do no damage!
The adder is severely wounded!
The adder bites you! rip

Action                   |  1- 3 |  4- 6 || total
-------------------------+-------+-------++-------
Melee: Unarmed           |   171 |    55 ||   226
       Punch             |     4 |       ||     4
 Stab: Sleeping          |     3 |       ||     3
Armor: Skin              |    11 |     6 ||    17
Dodge: Dodged            |   122 |    43 ||   165

Vault maps used:
D:1:      dpeg_arrival_water_temple_mockup
D:2:      ashenzari_altar_1

Notes
Turn   | Place    | Note
--------------------------------------------------------------
     0 | D:1      | MistressOfTheDunes the Mummy Monk began the quest for the Orb.
     0 | D:1      | Reached XP level 1. HP: 18/18 MP: 1/1
   260 | D:1      | Reached XP level 2. HP: 22/24 MP: 2/2
   714 | D:1      | Reached skill level 4 in Unarmed Combat
   873 | D:2      | Reached XP level 3. HP: 9/29 MP: 3/3
  1669 | D:2      | Found a shattered altar of Ashenzari.
  2008 | D:2      | Reached XP level 4. HP: 29/35 MP: 4/4
  2373 | D:2      | HP: 3/35 [adder (3)]
  2379 | D:2      | Slain by an adder

Vanquished Creatures
  3 adders (D:2)
  2 oozes
  3 dart slugs
  2 giant geckos
  5 giant cockroaches
  6 goblins
  8 hobgoblins
  A ball python (D:2)
  8 bats
  2 giant newts (D:1)
  5 kobolds
  9 rats
54 creatures vanquished.
